 Dungeon Crawl Stone Soup version 0.23.2-33-g5129a83184 (webtiles) character file.

Game seed: 2311186655906411853

3104 MalarOregon the Spear-Bearer (level 9, -4/78 HPs)
             Began as a Merfolk Skald on Aug 6, 2019.
             Was a Follower of the Shining One.
             Slain by a yak (13 damage)
             ... on level 9 of the Dungeon on Aug 7, 2019.
             The game lasted 00:29:10 (7956 turns).

MalarOregon the Spear-Bearer (Merfolk Skald)        Turns: 7956, Time: 00:29:10

Health: -4/78      AC:  7    Str: 18    XL:     9   Next: 90%
Magic:  12/12      EV: 15    Int: 13    God:    the Shining One [*.....]
Gold:   267        SH:  0    Dex: 17    Spells: 12/12 levels left

rFire    . . .     SeeInvis .   v - +0 trident
rCold    . . .     Gourm    .   (no shield)
rNeg     . . .     Faith    .   b - +0 leather armour
rPois    .         Spirit   .   c - +1 helmet
rElec    .         Reflect  .   s - +0 cloak
rCorr    +         Harm     .   (no gloves)
MR       .....                  t - +0 pair of boots of Jousairch {Dex+3} (curse)
Stlth    +.........             (no amulet)
HPRegen  0.23/turn              i - +2 ring of evasion
MPRegen  0.13/turn              h - ring of resist corrosion

@: mighty, lethally poisoned (-4 -> -5), hasted, glowing, very quick
A: change form in water, swift swim, stealthy swim
a: Renounce Religion


You were on level 9 of the Dungeon.
You worshipped the Shining One.
The Shining One was aware of your devotion.
You were not hungry.

You visited 2 branches of the dungeon, and saw 8 of its levels.

You collected 267 gold pieces.

Inventory:

Hand Weapons
 v - a +0 trident (weapon)
   (You took it off an orc on level 4 of the Dungeon)
Armour
 b - a +0 leather armour (worn)
 c - a +1 helmet (worn)
   (You found it on level 1 of the Dungeon)
 r - a +0 pair of gloves
   (You found it on level 9 of the Dungeon)
 s - a +0 cloak (worn)
   (You found it on level 6 of the Dungeon)
 t - the cursed +0 pair of boots of Jousairch (worn) {Dex+3}
   (You found it on level 4 of the Dungeon)

   It affects your dexterity (+3).
   It has a curse placed upon it.
 A - a +0 shield
   (You found it on level 9 of the Dungeon)
Jewellery
 h - a ring of resist corrosion (right hand)
   (You found it on level 2 of the Dungeon)
 i - a +2 ring of evasion (left hand)
   (You found it on level 1 of the Dungeon)
 z - an uncursed amulet of the gourmand {unknown}
   (You found it on level 9 of the Dungeon)
Wands
 u - a wand of paralysis (11)
   (You found it on level 3 of the Dungeon)
Scrolls
 d - a scroll of magic mapping
 j - 3 scrolls of remove curse {@r2}
 n - a scroll of teleportation {@r4}
 x - a scroll of amnesia
Potions
 a - a potion of magic {unknown}
 f - a potion of lignification {unknown}
 k - a potion of ambrosia
 l - a potion of curing {unknown}
 m - a potion of agility {unknown}
 o - 4 potions of flight
 p - 2 potions of mutation {!q}
 q - a potion of heal wounds {@q2}
 w - a potion of invisibility
 B - 2 potions of degeneration {unknown}
Miscellaneous
 y - a sack of spiders
Comestibles
 e - 13 rations {!d}
 g - 3 chunks of flesh


   Skills:
 + Level 9.9 Fighting
 - Level 14.0 Polearms
 - Level 0.6 Armour
 - Level 2.6 Dodging
 - Level 2.0 Spellcasting
   Level 3.2 Charms


You had 12 spell levels left.
You didn't know any spells.
Your spell library contained the following spells:

 Spells                   Type           Power        Failure   Level  Hunger
 Infusion                 Chrm           #...         8%          1    ##.....
 Song of Slaying          Chrm           #.......     12%         2    ###....
 Shroud of Golubria       Chrm/Tloc      #.........   24%         2    ###....
 Regeneration             Chrm/Necr      #.........   43%         3    ####...
 Spectral Weapon          Hex/Chrm       #.......     43%         3    ####...


Dungeon Overview and Level Annotations

Branches:
Dungeon (9/15)             Temple (1/1) D:5
   Lair: D:8-11         Orc: D:9-12

Altars:
Ashenzari
Cheibriados
Dithmenos
Elyvilon
Fedhas
Hepliaklqana
Kikubaaqudgha
Makhleb
Nemelex Xobeh
Okawaru
Qazlal
Ru
Sif Muna
Trog
Uskayaw
Vehumet
Wu Jian
Xom
Yredelemnul
Zin
The Shining One


Message History

Things that are here:
a +3 flail; a +0 animal skin You feel sick.
Found a shield.
Found a stone staircase leading up.
You see here 24 bolts.
You feel sick.
You now have 267 gold pieces (gained 8).
You feel sick.
r - a pair of gloves You feel sick.
You feel sick.
You see here a shield.
A - a shield You feel sick.
The killer bee stings you.
* * * LOW HITPOINT WARNING * * *
You hit the killer bee.
You feel sick. The killer bee barely misses you.
You puncture the killer bee!
You kill the killer bee! 2 yaks come into view.
The yak bellows!
A yak comes into view.
The yak moves out of view.
Unknown command.
The yak bellows!
You feel sick.
You and your allies can now gain power from killing the unholy and evil.
A yak comes into view.
The yak bellows!
Attack whom?
Aim: a yak You reach to attack!
You barely miss the yak.
Attack whom?
Aim: a yak You reach to attack!
You closely miss the yak.
Attack whom?
Aim: a yak You reach to attack!
You puncture the yak! You puncture the yak!
You feel sick.
You barely miss the yak. You puncture the yak! The yak gores you!
* * * LOW HITPOINT WARNING * * *
You puncture the yak!
You kill the yak!
Attack whom?
Aim: a yak You reach to attack!
You hit the yak. You hit the yak. You impale the yak!! The yak gores you!
You die...

###.##...#.# #.#.#
#......#.#.#####รท#.#
#.....<#.#..(....#.#
#.....##)#.)###..#.##
#......)......#......
#....(.#.#..#.#.##.#.
###......#.#..#.#.##.#.
#........#....# #.##.#.
##...##@#.###.##
#.##.#.
#######....##Y#.# #.#
#....#.
...........##Y..# #.#
## ###.
###############......
.( #...... ## .....
..... ##.# .#


You could see 2 yaks.

Vanquished Creatures
  Sigmund (D:3)
  5 yaks (D:9)
  A hungry ghost (D:9)
  Menkaure (D:4)
  An orc warrior (D:6)
  3 ice beasts
  2 bullfrogs (D:6)
  Blork the orc (D:4)
  4 scorpions
  6 killer bees (D:9)
  A howler monkey (D:4)
  2 crimson imps
  2 hounds
  5 orc priests
  A jelly (D:5)
  2 orc wizards (D:4)
  2 iguanas (D:9)
  Ijyb (D:3)
  Terence (D:2)
  3 worker ants
  A hound zombie (D:5)
  Robin (D:4)
  A gnoll (D:2)
  12 adders
  2 oozes
  3 adder skeletons
  A worm (D:2)
  6 dart slugs
  A leopard gecko (D:3)
  27 orcs
  12 bats
  12 giant cockroaches
  12 goblins
  12 hobgoblins
  A jackal (D:3)
  2 quokkas
  2 ball pythons
  11 frilled lizards
  12 kobolds
  A leopard gecko skeleton (D:6)
  8 rats
185 creatures vanquished.

Notes
Turn   | Place    | Note
-------+----------+-------------------------------------------
     0 | D:1      | MalarOregon the Merfolk Skald began the quest for the Orb.
     0 | D:1      | Reached XP level 1. HP: 16/16 MP: 3/3
   192 | D:1      | Reached XP level 2. HP: 18/23 MP: 5/5
   200 | D:1      | Reached skill level 4 in Polearms
   682 | D:1      | Reached XP level 3. HP: 24/28 MP: 6/6
  1455 | D:2      | Found a stormy altar of Qazlal.
  1471 | D:2      | Reached skill level 5 in Polearms
  1487 | D:2      | Reached XP level 4. HP: 20/35 MP: 7/7
  1868 | D:2      | Noticed Terence
  1916 | D:2      | Killed Terence
  2450 | D:2      | Reached skill level 6 in Polearms
  2590 | D:2      | Reached XP level 5. HP: 33/41 MP: 8/8
  3648 | D:3      | Reached skill level 7 in Polearms
  3648 | D:3      | Reached XP level 6. HP: 48/48 MP: 9/9
  3658 | D:3      | Noticed Ijyb
  3730 | D:3      | Killed Ijyb
  3767 | D:3      | Noticed Sigmund
  3806 | D:3      | Killed Sigmund
  3806 | D:3      | Reached skill level 8 in Polearms
  4042 | D:3      | Reached XP level 7. HP: 55/55 MP: 10/10
  4577 | D:4      | Got a pair of transparent boots
  4588 | D:4      | Identified the cursed +0 pair of boots of Jousairch {Dex+3}
                  | (You found it on level 4 of the Dungeon)
  4617 | D:4      | Reached skill level 5 in Fighting
  4617 | D:4      | Reached skill level 9 in Polearms
  4840 | D:4      | Noticed Menkaure
  5248 | D:4      | Reached skill level 10 in Polearms
  5505 | D:4      | Noticed Robin
  5542 | D:4      | Killed Robin
  5734 | D:4      | Reached XP level 8. HP: 40/64 MP: 11/11
  5897 | D:4      | Noticed Blork the orc
  5917 | D:4      | Killed Blork the orc
  6348 | D:4      | Reached skill level 11 in Polearms
  6403 | D:4      | Killed Menkaure
  6516 | D:5      | Entered Level 5 of the Dungeon
  6572 | D:5      | Found a deep blue altar of Sif Muna.
  6572 | D:5      | Found a hazy altar of Hepliaklqana.
  6572 | D:5      | Found a white marble altar of Elyvilon.
  6573 | D:5      | Found a shadowy altar of Dithmenos.
  6574 | D:5      | Found a sparkling altar of Nemelex Xobeh.
  6581 | D:5      | Found a blossoming altar of Fedhas.
  6659 | D:5      | Reached skill level 12 in Polearms
  6662 | D:5      | Found a snail-covered altar of Cheibriados.
  6941 | D:5      | Found a staircase to the Ecumenical Temple.
  6981 | Temple   | Entered the Ecumenical Temple
  7073 | Temple   | Became a worshipper of the Shining One
  7441 | D:6      | Reached XP level 9. HP: 63/72 MP: 12/12
  7701 | D:6      | You fall through a shaft for 3 floors!
  7822 | D:9      | Reached skill level 13 in Polearms
  7908 | D:9      | Reached skill level 14 in Polearms
  7945 | D:9      | Reached * piety under the Shining One
  7956 | D:9      | Slain by a yak

Skill      XL: |  1  2  3  4  5  6  7  8  9 |
---------------+----------------------------+-----
Polearms       | 4 5 6 7 8 10 12 14 | 14.0
Fighting       | 3 4 5 7 9 |  9.9
Armour         | |  0.6
Dodging        | |  2.6
Spellcasting   | |  2.0
Charms         | |  3.2

Action                   |  1- 3 |  4- 6 |  7- 9 || total
-------------------------+-------+-------+-------++-------
Melee: Spear             |   156 |   318 |   276 ||   750
       Trident           |       |       |   256 ||   256
  Use: Scroll            |     1 |     8 |     7 ||    16
       Potion            |       |       |     5 ||     5
 Stab: Sleeping          |     1 |     1 |     1 ||     3
  Eat: Chunk             |     2 |     8 |    17 ||    27
Armor: Leather armour    |    25 |    32 |    68 ||   125
       Scale mail        |       |    14 |       ||    14
Dodge: Dodged            |    69 |   141 |   185 ||   395
